 Dungeon Crawl Stone Soup version 0.31-a0-700-gf13585253f (webtiles) character file.

Game seed: 10313931208228471544

11943 qw the Skirmisher (level 11, 0/72 HPs)
             Began as a Gargoyle Hunter on Sept 7, 2023.
             Was an Elder of Okawaru.
             Slain by an elephant (10 damage)
             ... on level 1 of the Lair of Beasts.
             The game lasted 00:04:37 (10308 turns).

qw the Skirmisher (Gargoyle Hunter)                Turns: 10308, Time: 00:04:38

Health: 0/72       AC: 23    Str: 16    XL:     11   Next: 85%
Magic:  14/14      EV: 15    Int:  9    God:    Okawaru [****..]
Gold:   610        SH:  0    Dex: 17    Spells: 10/10 levels left

rFire   + . .        n - +1 orcbow
rCold   + . .        (shield currently unavailable)
rNeg    + . .        d - +1 ring mail {rF+}
rPois   inf          b - +2 helmet {SInv}
rElec   +            (no cloak)
rCorr   .            (no gloves)
SInv    +            (no boots)
Will    .....        r - amulet of the acrobat
Stlth   +++          h - +4 ring of protection
HPRegen 0.32/turn    m - ring of protection from cold
MPRegen 0.14/turn

%: acrobat
@: heroic
A: sickness immunity, AC +8, negative energy resistance 1, electricity
resistance, torment resistance 1, petrification resistance
a: Renounce Religion, Heroism, Finesse


You were on level 1 of the Lair of Beasts.
You worshipped Okawaru.
Okawaru was greatly pleased with you.
You visited 3 branches of the dungeon, and saw 12 of its levels.

You collected 730 gold pieces.
You spent 120 gold pieces at shops.


Innate Abilities, Weirdness & Mutations

You are immune to sickness and miasma.
Your stone body is resilient. (AC +8)
You are immune to poison.
You resist negative energy. (rN+)
You are resistant to electric shocks. (rElec)
You are resistant to unholy torment.
You are immune to petrification.


   Skills:
 - Level 10.0(15.0) Fighting
 + Level 14.8(19.8) Ranged Weapons
 - Level 4.7(9.7) Armour
 - Level 4.1(9.1) Dodging
 - Level 1.1(6.1) Stealth
 + Level 4.0 Invocations


You had 10 spell levels left.
You didn't know any spells.
Your spell library was empty.

Inventory:

Hand Weapons
 n - a +1 orcbow (weapon)
Armour
 b - a +2 helmet of see invisible (worn)
 d - a +1 ring mail of fire resistance (worn)
 p - +0 steam dragon scales
Jewellery
 h - a +4 ring of protection (left hand)
 m - a ring of protection from cold (right hand)
 r - an amulet of the acrobat (around neck)
 Y - a +6 ring of strength
Scrolls
 i - a scroll of identify
Potions
 a - a potion of attraction {unknown}
 c - 2 potions of might
 e - 3 potions of curing
 j - 2 potions of haste
 k - 2 potions of enlightenment

Dungeon Overview and Level Annotations

Branches:
Dungeon (10/15)            Temple (1/1) D:5            Lair (1/5) D:10
    Orc (0/2) D:9

Altars:
Ashenzari
Cheibriados
Dithmenos
Elyvilon
Fedhas
Gozag
Hepliaklqana
Kikubaaqudgha
Makhleb
Nemelex Xobeh
Okawaru
Qazlal
Ru
Sif Muna
Trog
Uskayaw
Vehumet
Wu Jian
Xom
Yredelemnul
Zin
The Shining One

Shops:
D:3 *   D:4 ?

Annotations:
D:8 2 transporters, qw's ghost, novice MiHs
Lair:1 Nergalle


Message History

The elephant trunk-slaps you but does no damage.
The elephant tramples you but does no damage.
The elephant misses you.
You shoot an arrow. The arrow hits the elephant.
The elephant is heavily wounded.
The elephant tramples you but does no damage.
The elephant trunk-slaps you but does no damage.
The elephant barely misses you. x2
You shoot an arrow.
The arrow hits the elephant but does no damage.
The elephant is heavily wounded.
The elephant misses you.
The elephant trunk-slaps you but does no damage.
You shoot an arrow. The arrow hits the elephant.
The elephant is severely wounded.
The elephant tramples you but does no damage.
The elephant completely misses you.
You shoot an arrow. The arrow hits the elephant!
The elephant is severely wounded.
The elephant closely misses you.
The elephant trunk-slaps you but does no damage.
The elephant barely misses you. The elephant misses you.
You shoot an arrow. The arrow hits the elephant.
The elephant is severely wounded.
The elephant barely misses you. The elephant completely misses you.
The elephant misses you.
The elephant trunk-slaps you but does no damage.
You shoot an arrow. The arrow hits the elephant!
The elephant is almost dead.
The elephant tramples you but does no damage.
The elephant trunk-slaps you but does no damage.
You shoot an arrow. The arrow hits the elephant.
The elephant is almost dead.
The elephant tramples you.
You hold your ground!
The elephant trunk-slaps you but does no damage.
You shoot an arrow. The arrow hits the elephant.
You kill the elephant!
Okawaru accepts your kill. The elephant tramples you!
You die...

###.########
.[....
...........# #...#
...........###...#
............##...#
#.#######......#
### ##.....#
#.....# #.....###
#.#....%@#
####...Y%#
#......# #.$....#
#....### #.....#
#.....# .......
Y..#.....


You could see an elephant.

Vanquished Creatures
  Erolcha (D:9)
  2 two-headed ogres (D:10)
  A manticore (D:8)
  3 elephants (Lair:1)
  A black mamba (Lair:1)
  Jeremiah (D:8)
  A kobold demonologist (D:10)
  A troll (D:9)
  A polar bear (Lair:1)
  Grinder (D:5)
  Sigmund (D:2)
  A shadow (D:10)
  2 wyverns
  A vampire (D:10)
  3 wraiths
  12 yaks
  A basilisk (Lair:1)
  2 steam dragons
  2 wargs (D:10)
  An acid dragon (D:8)
  2 water moccasins (D:7)
  Duvessa (D:6)
  4 orc warriors
  A sky beast (D:7)
  2 black bears
  An ogre (D:6)
  2 centaurs
  3 wolves (Lair:1)
  3 phantoms
  A kobold brigand (D:9)
  4 bullfrogs
  3 scorpions
  3 wights (D:7)
  Dowan (D:6)
  6 killer bees
  9 howler monkeys
  A crimson imp (D:9)
  A jelly (D:4)
  2 hounds
  5 orc priests
  3 sleepcaps
  2 iguanas
  12 orc wizards
  Terence (D:2)
  3 gnolls (D:3)
  10 adders
  2 shadow imps
  An ufetubus (D:6)
  4 dart slugs
  39 orcs
  5 ball pythons
  4 bats
  5 endoplasms
  5 giant cockroaches
  3 goblins
  13 hobgoblins
  3 jackals (D:1)
  16 kobolds
  6 quokkas
  3 frilled lizards
  4 rats
  A spectral goblin (D:3)
239 creatures vanquished.

Notes
Turn   | Place    | Note
-------+----------+-------------------------------------------
     0 | D:1      | qw the Gargoyle Hunter began the quest for the Orb.
     0 | D:1      | Reached XP level 1. HP: 12/12 MP: 1/1
     0 | D:1      | 0 ||| qw: Version: 0.3-a-76-g4403597
     0 | D:1      | 0 ||| qw: Game counter: 577
     0 | D:1      | 0 ||| qw: Melee chars always use a shield: true
     0 | D:1      | 0 ||| qw: God list: Okawaru
     0 | D:1      | 0 ||| qw: Allow faded altars: false
     0 | D:1      | 0 ||| qw: Do Orc after clearing Dungeon:15 true
     0 | D:1      | 0 ||| qw: Do second Lair branch before Depths: true
     0 | D:1      | 0 ||| qw: Lair rune preference: random
     0 | D:1      | 0 ||| qw: Goals: Normal
     0 | D:1      | 0 ||| PLANNING D:1-11
   129 | D:1      | Reached XP level 2. HP: 16/17 MP: 2/2
   498 | D:1      | Reached XP level 3. HP: 21/21 MP: 3/3
   520 | D:1      | Reached skill level 5 in Ranged Weapons
   835 | D:1      | 835 ||| UPGRADING to +0 helmet.
   840 | D:1      | 840 ||| DROPPING scroll of butterflies.
  1004 | D:2      | Reached skill level 3 in Fighting
  1004 | D:2      | Reached XP level 4. HP: 28/28 MP: 4/4
  1007 | D:2      | Noticed Terence
  1017 | D:2      | Killed Terence
  1380 | D:2      | Noticed Sigmund
  1401 | D:2      | Killed Sigmund
  1402 | D:2      | Reached skill level 6 in Ranged Weapons
  1402 | D:2      | Reached XP level 5. HP: 17/32 MP: 5/5
  1402 | D:2      | Reached XP level 6. HP: 20/37 MP: 6/6
  1706 | D:2      | 1706 ||| UPGRADING to +0 ring mail.
  1716 | D:2      | 1716 ||| DROPPING +0 leather armour.
  1717 | D:2      | 1717 ||| DROPPING +6 ring of intelligence.
  1718 | D:2      | 1718 ||| READING scroll labelled LEEPSA IRUEHA.
  1719 | D:2      | 1719 ||| READING scroll labelled UGYGIEJUYS.
  1820 | D:2      | 1820 ||| READING 2 scrolls labelled OCUMAE JITASKI.
  1821 | D:2      | 1821 ||| READING scroll labelled LALASS XEATYKI.
  1821 | D:2      | Identified a scroll of acquirement
  1821 | D:2      | 1821 ||| ACQUIRING +9 orcbow "Raisin" {antimagic, Fragile
                  | rF+ rCorr Int+6}
  1821 | D:2      | Acquired the +9 orcbow "Raisin" {antimagic, Fragile rF+
                  | rCorr Int+6}
  1823 | D:2      | 1823 ||| SWAPPING to +9 orcbow "Raisin" {antimagic, Fragile
                  | rF+ rCorr Int+6}.
  1824 | D:2      | 1824 ||| DROPPING +0 shortbow.
  1825 | D:2      | 1825 ||| READING scroll labelled YHEICI NICZU.
  1925 | D:3      | Found a faded altar of an unknown god.
  1940 | D:3      | 1940 ||| Stepping ~*~*~tactically~*~*~ (water).
  1942 | D:3      | 1942 ||| Stepping ~*~*~tactically~*~*~ (water).
  1946 | D:3      | Reached skill level 1 in Armour
  1949 | D:3      | 1949 ||| Stepping ~*~*~tactically~*~*~ (water).
  1988 | D:3      | Found Tocec's Assorted Antiques.
  1997 | D:3      | 1997 ||| SHOPLISTING pair of runed gloves (225 gold, have
                  | 42).
  1997 | D:3      | 1997 ||| BUYING scroll labelled DYREPT WENIPHESIA (30
                  | gold).
  1997 | D:3      | Bought a scroll labelled DYREPT WENIPHESIA for 30 gold
                  | pieces
  1997 | D:3      | 1997 ||| SHOPLISTING scroll labelled KOPNUH NUMP (30 gold,
                  | have 12).
  2200 | D:3      | 2200 ||| READING scroll labelled KOPNUH NUMP.
  2201 | D:3      | 2201 ||| READING scroll labelled DYREPT WENIPHESIA.
  2202 | D:3      | 2202 ||| DRINKING 2 cyan potions.
  2203 | D:3      | 2203 ||| READING 2 scrolls of identify.
  2203 | D:3      | 2203 ||| IDENTIFYING pink potion
  2342 | D:4      | Reached skill level 7 in Ranged Weapons
  2495 | D:4      | Reached XP level 7. HP: 37/43 MP: 2/7
  2496 | D:4      | 2496 ||| FLEEEEING.
  2497 | D:4      | 2497 ||| FLEEEEING.
  2498 | D:4      | 2498 ||| FLEEEEING.
  2499 | D:4      | 2499 ||| FLEEEEING.
  2567 | D:4      | 2567 ||| Stepping ~*~*~tactically~*~*~ (outnumbered).
  2568 | D:4      | 2568 ||| Stepping ~*~*~tactically~*~*~ (outnumbered).
  2569 | D:4      | 2569 ||| Stepping ~*~*~tactically~*~*~ (outnumbered).
  2769 | D:4      | Found a broken altar of Ashenzari.
  2917 | D:4      | Found The Oracle's Delphic Readings.
  2931 | D:4      | 2931 ||| BUYING scroll of enchant armour (90 gold).
  2931 | D:4      | Bought a scroll of enchant armour for 90 gold pieces
  2931 | D:4      | 2931 ||| SHOPLISTING scroll of enchant weapon (90 gold,
                  | have 9).
  2931 | D:4      | 2931 ||| SHOPLISTING scroll of identify (24 gold, have 9).
  2931 | D:4      | 2931 ||| SHOPLISTING scroll of teleportation (36 gold, have
                  | 9).
  2931 | D:4      | 2931 ||| READING 2 scrolls of enchant armour.
  2931 | D:4      | 2931 ||| ENCHANTING +0 helmet.
  2932 | D:4      | 2932 ||| READING scroll of enchant armour.
  2932 | D:4      | 2932 ||| ENCHANTING +1 helmet.
  2944 | D:4      | Reached skill level 8 in Ranged Weapons
  3260 | D:4      | 3260 ||| UPGRADING to +0 helmet of see invisible.
  3270 | D:4      | 3270 ||| UPGRADING to ring of positive energy.
  3271 | D:4      | 3271 ||| UPGRADING to ring of protection from cold.
  3272 | D:4      | 3272 ||| UPGRADING to +6 ring of strength.
  3274 | D:4      | 3274 ||| READING scroll labelled ZIEPRU HURHY.
  3275 | D:4      | 3275 ||| READING scroll labelled RILURPHEFO.
  3292 | D:5      | Entered Level 5 of the Dungeon
  3426 | D:5      | Found an ancient bone altar of Kikubaaqudgha.
  3428 | D:5      | Found a staircase to the Ecumenical Temple.
  3430 | D:5      | 3430 ||| PLANNING TEMPLE
  3452 | D:5      | Noticed Grinder
  3463 | D:5      | Killed Grinder
  3464 | D:5      | Reached skill level 6 in Fighting
  3464 | D:5      | Reached XP level 8. HP: 42/51 MP: 2/8
  3522 | D:5      | 3522 ||| UPGRADING to amulet of the acrobat.
  3527 | D:5      | 3527 ||| READING scroll labelled WOOREH MEATAO.
  3561 | D:5      | 3561 ||| READING scroll labelled CEUSE ETHREA.
  3562 | D:5      | 3562 ||| READING scroll labelled YNLIPA DEM MYI.
  3563 | D:5      | 3563 ||| DRINKING 2 coppery potions.
  3564 | D:5      | 3564 ||| DRINKING 2 glowing cyan potions.
  3565 | D:5      | 3565 ||| READING 2 scrolls of identify.
  3565 | D:5      | 3565 ||| IDENTIFYING red potion
  3587 | Temple   | Entered the Ecumenical Temple
  3588 | Temple   | 3588 ||| PLANNING OKAWARU WORSHIP
  3597 | Temple   | Became a worshipper of Warmaster Okawaru
  3598 | Temple   | 3598 ||| PLANNING D:1-11
  3800 | D:5      | 3800 ||| READING scroll labelled WIYGAU GULOSEC.
  3994 | D:6      | Noticed Duvessa
  3994 | D:6      | Noticed Dowan
  4000 | D:6      | Killed Duvessa
  4002 | D:6      | Killed Dowan
  4090 | D:6      | Identified the +3 dire flail of Okawaru, Bespelling {pain,
                  | Str+2}
  4100 | D:6      | HP: 10/51 [ogre/+0 giant club (7)]
  4101 | D:6      | 4101 ||| DRINKING potion of heal wounds.
  4103 | D:6      | Reached * piety under Okawaru
  4104 | D:6      | Reached skill level 9 in Ranged Weapons
  4227 | D:6      | Reached skill level 1 in Invocations
  4518 | D:6      | Found a glowing golden altar of the Shining One.
  4671 | D:6      | 4671 ||| UPGRADING to +0 orcbow.
  4677 | D:6      | 4677 ||| FLEEEEING.
  4678 | D:6      | 4678 ||| FLEEEEING.
  4679 | D:6      | 4679 ||| FLEEEEING.
  4740 | D:6      | 4740 ||| INVOKING Heroism.
  4753 | D:6      | 4753 ||| INVOKING Heroism.
  4761 | D:6      | Reached skill level 3 in Invocations
  4761 | D:6      | Reached XP level 9. HP: 33/55 MP: 7/11
  4942 | D:7      | 4942 ||| INVOKING Heroism.
  5012 | D:7      | Found a sacrificial altar of Ru.
  5193 | D:7      | Found a flagged portal.
  5302 | D:7      | 5302 ||| INVOKING Heroism.
  5305 | D:7      | 5305 ||| Stepping ~*~*~tactically~*~*~ (cloud).
  5306 | D:7      | 5306 ||| Stepping ~*~*~tactically~*~*~ (cloud).
  5311 | D:7      | Reached skill level 10 in Ranged Weapons
  5346 | D:7      | 5346 ||| READING scroll of enchant armour.
  5346 | D:7      | 5346 ||| ENCHANTING +0 helmet of see invisible.
  5420 | D:7      | 5420 ||| INVOKING Heroism.
  5518 | D:7      | 5518 ||| INVOKING Heroism.
  5526 | D:7      | Reached skill level 3 in Dodging
  5825 | D:7      | Found a white marble altar of Elyvilon.
  5947 | D:7      | 5947 ||| UPGRADING to +0 steam dragon scales.
  5957 | D:7      | 5957 ||| DROPPING +0 ring mail.
  5958 | D:7      | 5958 ||| READING scroll labelled KIUNEOMATOR.
  5997 | D:8      | 5997 ||| READING scroll of enchant weapon.
  5997 | D:8      | 5997 ||| ENCHANTING +0 orcbow.
  6059 | D:8      | 6059 ||| Stepping ~*~*~tactically~*~*~ (outnumbered).
  6115 | D:8      | Noticed Jeremiah
  6116 | D:8      | 6116 ||| Stepping ~*~*~tactically~*~*~ (outnumbered).
  6118 | D:8      | 6118 ||| Stepping ~*~*~tactically~*~*~ (outnumbered).
  6138 | D:8      | 6138 ||| INVOKING Heroism.
  6159 | D:8      | 6159 ||| INVOKING Heroism.
  6162 | D:8      | HP: 10/57 [Jeremiah/+3 trident of draining (14)]
  6168 | D:8      | HP: 5/57 [Jeremiah/+3 trident of draining (6)]
  6170 | D:8      | HP: 2/57 [Jeremiah/+3 trident of draining (4)]
  6172 | D:8      | Killed Jeremiah
  6173 | D:8      | Reached skill level 11 in Ranged Weapons
  6370 | D:8      | Found a shadowy altar of Dithmenos.
  6420 | D:8      | 6420 ||| INVOKING Heroism.
  6481 | D:8      | Found a transporter.
  6483 | D:8      | Noticed qw's ghost (novice MiHs)
  6487 | D:8      | Noticed a moth of wrath
  6488 | D:8      | Noticed a manticore
  6489 | D:8      | 6489 ||| INVOKING Heroism.
  6503 | D:8      | Killed a manticore
  6503 | D:8      | Reached ** piety under Okawaru
  6504 | D:8      | Reached XP level 10. HP: 30/65 MP: 11/13
  6620 | D:8      | Found a transporter.
  6624 | D:8      | Found a bloodstained altar of Trog.
  6638 | D:8      | 6638 ||| INVOKING Heroism.
  6768 | D:8      | 6768 ||| INVOKING Heroism.
  7095 | D:8      | Found a blossoming altar of Fedhas.
  7180 | D:8      | 7180 ||| UPGRADING to +1 ring mail of fire resistance.
  7190 | D:8      | 7190 ||| UPGRADING to +4 ring of protection.
  7192 | D:8      | 7192 ||| DROPPING ring of positive energy.
  7193 | D:8      | 7193 ||| DRINKING 2 smoky puce potions.
  7219 | D:8      | 7219 ||| READING 3 scrolls of identify.
  7219 | D:8      | 7219 ||| IDENTIFYING orange potion
  7220 | D:8      | 7220 ||| READING 2 scrolls of identify.
  7220 | D:8      | 7220 ||| IDENTIFYING fuming black potion
  7221 | D:8      | 7221 ||| DROPPING potion of berserk rage.
  7222 | D:8      | 7222 ||| DROPPING potion of brilliance.
  7223 | D:8      | 7223 ||| DROPPING potion of lignification.
  7307 | D:9      | 7307 ||| INVOKING Heroism.
  7319 | D:9      | Reached skill level 3 in Armour
  7330 | D:9      | 7330 ||| Stepping ~*~*~tactically~*~*~ (retreating).
  7331 | D:9      | 7331 ||| Stepping ~*~*~tactically~*~*~ (retreating).
  7334 | D:9      | 7334 ||| Stepping ~*~*~tactically~*~*~ (retreating).
  7335 | D:9      | 7335 ||| Stepping ~*~*~tactically~*~*~ (retreating).
  7336 | D:9      | 7336 ||| Stepping ~*~*~tactically~*~*~ (retreating).
  7397 | D:9      | 7397 ||| Stepping ~*~*~tactically~*~*~ (outnumbered).
  7452 | D:9      | 7452 ||| Stepping ~*~*~tactically~*~*~ (outnumbered).
  7598 | D:9      | 7598 ||| RETREATING.
  7616 | D:9      | Reached skill level 12 in Ranged Weapons
  7625 | D:9      | 7625 ||| INVOKING Heroism.
  7767 | D:9      | Found a staircase to the Orcish Mines.
  7793 | D:9      | 7793 ||| INVOKING Heroism.
  7972 | D:9      | Reached skill level 13 in Ranged Weapons
  8012 | D:9      | Noticed Erolcha
  8013 | D:9      | 8013 ||| INVOKING Heroism.
  8025 | D:9      | Killed Erolcha
  8026 | D:9      | Reached skill level 9 in Fighting
  8028 | D:9      | Reached *** piety under Okawaru
  8029 | D:9      | Reached XP level 11. HP: 59/71 MP: 12/14
  8111 | D:9      | 8111 ||| INVOKING Heroism.
  8128 | D:9      | 8128 ||| INVOKING Heroism.
  8319 | D:9      | Found a burning altar of Makhleb.
  8329 | D:9      | Found a shimmering altar of Xom.
  8556 | D:9      | 8556 ||| READING 2 scrolls of identify.
  8556 | D:9      | 8556 ||| IDENTIFYING bubbling amethyst potion
  8557 | D:9      | 8557 ||| DROPPING potion of invisibility.
  8582 | D:10     | Entered Level 10 of the Dungeon
  8583 | D:10     | 8583 ||| INVOKING Heroism.
  8612 | D:10     | 8612 ||| INVOKING Heroism.
  8730 | D:10     | 8730 ||| READING scroll of enchant armour.
  8730 | D:10     | 8730 ||| ENCHANTING +1 helmet of see invisible.
  8758 | D:10     | Found a radiant altar of Vehumet.
  8909 | D:10     | Noticed a two-headed ogre
  8910 | D:10     | 8910 ||| INVOKING Heroism.
  8918 | D:10     | Killed a two-headed ogre
  8960 | D:10     | 8960 ||| DRINKING 2 potions of curing.
  8960 | D:10     | 8960 ||| (to cure confusion)
  9082 | D:10     | 9082 ||| INVOKING Heroism.
  9098 | D:10     | Noticed a two-headed ogre
  9101 | D:10     | 9101 ||| INVOKING Heroism.
  9112 | D:10     | Reached skill level 14 in Ranged Weapons
  9118 | D:10     | 9118 ||| INVOKING Heroism.
  9121 | D:10     | HP: 4/71 [two-headed ogre/+0 giant spiked club (16)]
  9122 | D:10     | 9122 ||| READING scroll of teleportation.
  9123 | D:10     | 9123 ||| DRINKING potion of heal wounds.
  9126 | D:10     | Killed a two-headed ogre
  9631 | D:10     | 9631 ||| FLEEEEING.
  9644 | D:10     | Noticed a sixfirhy
  9644 | D:10     | 9644 ||| Stepping ~*~*~tactically~*~*~ (retreating).
  9645 | D:10     | 9645 ||| Stepping ~*~*~tactically~*~*~ (retreating).
  9648 | D:10     | Noticed a soul eater
  9717 | D:10     | 9717 ||| FLEEEEING.
  9747 | D:10     | Found a staircase to the Lair.
  9752 | D:10     | 9752 ||| FLEEEEING.
  9753 | D:10     | 9753 ||| FLEEEEING.
  9754 | D:10     | 9754 ||| FLEEEEING.
  9755 | D:10     | 9755 ||| FLEEEEING.
  9761 | D:10     | 9761 ||| FLEEEEING.
  9762 | D:10     | 9762 ||| FLEEEEING.
  9763 | D:10     | 9763 ||| STAIRDANCE
  9793 | D:9      | 9793 ||| DROPPING +2 helmet.
  9794 | D:9      | 9794 ||| DROPPING +0 leather armour of willpower.
  9798 | D:10     | 9798 ||| STAIRDANCE
  9925 | D:10     | Identified the +1 scale mail of the Clam {Str+4}
 10033 | D:10     | 10033 ||| PLANNING LAIR
 10075 | Lair:1   | Entered Level 1 of the Lair of Beasts
 10081 | Lair:1   | 10081 ||| INVOKING Heroism.
 10158 | Lair:1   | Noticed Nergalle
 10159 | Lair:1   | 10159 ||| RETREATING.
 10177 | Lair:1   | 10177 ||| INVOKING Heroism.
 10259 | Lair:1   | 10259 ||| RETREATING.
 10269 | Lair:1   | 10269 ||| Stepping ~*~*~tactically~*~*~ (retreating).
 10270 | Lair:1   | 10270 ||| Stepping ~*~*~tactically~*~*~ (retreating).
 10271 | Lair:1   | 10271 ||| Stepping ~*~*~tactically~*~*~ (retreating).
 10272 | Lair:1   | 10272 ||| Stepping ~*~*~tactically~*~*~ (retreating).
 10273 | Lair:1   | 10273 ||| Stepping ~*~*~tactically~*~*~ (retreating).
 10274 | Lair:1   | 10274 ||| Stepping ~*~*~tactically~*~*~ (retreating).
 10282 | Lair:1   | 10282 ||| INVOKING Heroism.
 10291 | Lair:1   | HP: 18/72 [elephant (1)]
 10293 | Lair:1   | Reached **** piety under Okawaru
 10293 | Lair:1   | HP: 8/72 [elephant (2)]
 10307 | Lair:1   | HP: 10/72 [elephant (1)]
 10308 | Lair:1   | Slain by an elephant

Levels and vault maps discovered:
D:1:      shiori_arrival_maze, layout_basic
D:2:      layout_loops_ring, lemuel_flame_loot_1, uniq_terence, uniq_sigmund
D:3:      layout_rooms, serial_shops, shop,
          dreamdust_ecumenical_altar_drowned_temple
D:4:      layout_basic, overflow_temple_1_default, nicolae_nh_oracle_at_delphi
D:5:      layout_rooms, overflow_temple_1_default, temple_pool_b, minmay_holes,
          kennysheep_generic_room_14, uniq_grinder
D:6:      layout_layer_cave, tso_oasis_becter, minmay_misc_feat_x, uniq_duvessa
D:7:      layout_loops_ring, lemuel_coloured_pillars_altar,
          nicolae_ru_awakened_eye, serial_aquarium, aquarium_bridge_square
          [aquarium_subvault_bridge, aquarium_subvault_window,
          aquarium_subvault_bridge, aquarium_subvault_window],
          aquarium_window_2, aquarium_window_1, aquarium_window_fake,
          aquarium_window_corner, aquarium_view_2d, enter_bailey_8
D:8:      layout_loops_ring, fedhas_altar_fruit_tree, marbit_many_paths,
          gammafunk_ghost_wrathful_warriors, uniq_jeremiah
D:9:      layout_loops_ring, grunt_temple_overflow_champion_of_chaos,
          minmay_orc_entry_temple_small, uniq_erolcha
D:10:     layout_cave_pods, nicolae_overflow_crystal_walls,
          erik_lair_orcish_takeover, minivault_10, minmay_circle_x
Temple:   nicolae_temple_x_marks_the_god
Lair:1:   layout_cellular_growth, st_stairs_6, uniq_nergalle

Skill      XL: |  1  2  3  4  5  6  7  8  9 10 11 |
---------------+----------------------------------+-----
Ranged Weapons | 5 6 7 8 9 11 13 14 | 14.8
Fighting       | 3 4 6 8 9 10 | 10.0
Armour         | 1 2 3 4 |  4.7
Dodging        | 2 3 4 |  4.1
Invocations    | 3 4 |  4.0
Stealth        | |  1.1

Action                     |  1- 3 |  4- 6 |  7- 9 | 10-12 || total
---------------------------+-------+-------+-------+-------++-------
   Fire: Shortbow          |    89 |    62 |       |       ||   151
         Orcbow            |       |    53 |   322 |   555 ||   930
 Invoke: Heroism           |       |       |    10 |    17 ||    27
    Use: Scroll            |       |     8 |    12 |     5 ||    25
         Potion            |       |     1 |     3 |     3 ||     7
 Armour: Leather armour    |    28 |    19 |       |       ||    47
         Ring mail         |       |    15 |    74 |   276 ||   365
         Steam dragon scal |       |       |    19 |     3 ||    22
  Dodge: Dodged            |    34 |    24 |    91 |   264 ||   413

Table legend:
 A = Non-vault XP
 B = Vault XP
 C = Vault XP percentage of total XP
 D = Non-vault monster count
 E = Vault monster count
 F = Vault count percentage of total count
                 A         B        C        D         E       F
            +---------+---------+-------+---------+---------+-------
      Total |   12132 |    5441 |  31.0 |     202 |      37 |  15.5
            +---------+---------+-------+---------+---------+-------
        D:1 |      49 |       3 |   5.8 |      27 |       2 |   6.9
        D:2 |      76 |     271 |  78.1 |      18 |       2 |  10.0
        D:3 |      83 |       1 |   1.2 |      13 |       1 |   7.1
        D:4 |     261 |     121 |  31.7 |      23 |       2 |   8.0
        D:5 |     226 |     275 |  54.9 |      11 |       2 |  15.4
        D:6 |     840 |     218 |  20.6 |      14 |       2 |  12.5
        D:7 |    1161 |       0 |   0.0 |      13 |       0 |   0.0
        D:8 |    1513 |     418 |  21.6 |      24 |       2 |   7.7
        D:9 |    3289 |    1030 |  23.8 |      35 |      10 |  22.2
       D:10 |    1800 |    3104 |  63.3 |      14 |      14 |  50.0
     Lair:1 |    2834 |       0 |   0.0 |      10 |       0 |   0.0
            +---------+---------+-------+---------+---------+-------
